 Dungeon Crawl Stone Soup version 0.29-a0-341-g24ffce5b50 (webtiles) character file.

Game seed: 4902349456169839540

9 spaghetti the Sneak (level 2, -1/28 HPs)
             Began as a Naga Delver on Apr 20, 2022.
             Was an Initiate of Hepliaklqana.
             Slain by a scorpion (5 damage)
             ... on level 5 of the Dungeon.
             The game lasted 00:00:54 (187 turns).

spaghetti the Sneak (Naga Delver)                    Turns: 187, Time: 00:00:54

Health: -1/28      AC:  2    Str: 14    XL:     2   Next: 12%
Magic:  2/2        EV:  9    Int: 10    God:    Hepliaklqana [......]
Gold:   0          SH:  0    Dex: 12    Spells: 1/1 levels left

rFire   . . .      SeeInvis +   a - +0 mace {mace}
rCold   . . .      Faith    .   (no shield)
rNeg    . . .      Spirit   .   b - +0 leather armour
rPois   +          Reflect  .   (no helmet)
rElec   .          Harm     .   (no cloak)
rCorr   .          Rampage  .   (no gloves)
Will    .....                   (no barding)
Stlth   +++.......              (no amulet)
HPRegen 0.09/turn               j - ring of wizardry
MPRegen 0.08/turn               (no ring)

@: brilliant, short of breath, invisible, very slow
A: AC +0, large, see invisible, deformed body, poison resistance, slowness 2,
spit poison 1, naga tail 1
a: Spit Poison, Renounce Religion


You were on level 5 of the Dungeon.
You worshipped Hepliaklqana.
Hepliaklqana was noncommittal.
You visited 2 branches of the dungeon, and saw 2 of its levels.


Innate Abilities, Weirdness & Mutations

Your serpentine skin is tough. (AC +0)
You have supernaturally acute eyesight. (SInv)
Armour fits poorly on your strangely shaped body.
Your system is resistant to poisons. (rPois)
You cover ground very slowly.
You can spit poison.
You have a snake-like lower body.


   Skills:
 - Level 3.0 Fighting
 - Level 2.0 Maces & Flails
 + Level 1.5 Throwing
 - Level 1.5 Dodging
 - Level 7.2 Stealth


You had one spell level left.
You didn't know any spells.
Your spell library was empty.

Inventory:

Hand Weapons
 a - a +0 mace (weapon) {mace}
Armour
 b - a +0 leather armour (worn)
Jewellery
 j - a ring of wizardry (left hand)
   (You found it on level 5 of the Dungeon)
Wands
 g - a wand of digging (3)
Scrolls
 c - a scroll of fog
 d - a scroll of magic mapping {!r}
 e - a scroll of fear
 k - a scroll of enchant weapon {unknown}
Potions
 f - a potion of haste {@q3}
 h - a potion of brilliance

Dungeon Overview and Level Annotations

Branches:
Dungeon (5/15)             Temple (1/1) D:5

Altars:
Ashenzari
Cheibriados
Fedhas
Gozag
Hepliaklqana
Kikubaaqudgha
Makhleb
Nemelex Xobeh
Qazlal
Trog
Uskayaw
Wu Jian
Xom
Yredelemnul
Zin
The Shining One

Annotations:
D:5 2 exclusions

#...# #.#.## ##.####
#...#####..# #.#
###...##.....# #.#
.##......†.##..# ###.###
...........##..# ###+###
###........##..####⌠.⌠###
.......$...##.....'.>.'..
##/........########⌠.⌠###
#.....s@....# #######
#........##.# ###.###
#.(...$....... #.#
#.#####.#.#.#.# #.# #.
#.#.# #.# #.# # ..#.# #.#
#####


You could see a scorpion (can't see you).


Message History

Moving in this stuff is going to be slow.
Key pressed, stopping explore.
Found a sparkling altar of Nemelex Xobeh.
You enter the shallow water.
Moving in this stuff is going to be slow.
Found a snail-covered altar of Cheibriados.
Found an ornate altar of the Wu Jian Council.
Found a hazy altar of Hepliaklqana.
You enter the shallow water.
Moving in this stuff is going to be slow.
Found a shimmering altar of Xom.
There is a hazy altar of Hepliaklqana here.
You coil in front of the altar of Hepliaklqana.
Hepliaklqana welcomes you!
Unknown command.
Press < or > to pray at altars.
(D) Dungeon (T) Temple
Where to? (? - help)
You enter the shallow water.
Moving in this stuff is going to be slow.
You enter the shallow water.
Moving in this stuff is going to be slow.
There is a staircase back to the Dungeon here.
You climb upwards.
Level annotation: 1 exclusion
There is a staircase to the Ecumenical Temple here.
You open the door.
There is an open door here.
j - a ring of wizardry
k - a scroll labelled MOM SEUNAM
j - a ring of wizardry (left hand)
(D) Dungeon (T) Temple
Where to? (Enter - D:5, ? - help) Sorry, I don't know how to get there.
A necrophage comes into view.
A necrophage is nearby!
A necrophage is nearby!
Press: ? - help, v - describe, . - travel The floor.
Placed new exclusion.
Reduced exclusion size to a single square.
An adder comes into view.
The adder hisses angrily.
An adder is nearby!
An adder is nearby!
Aiming: Spit Poison (3% risk of failure)
Press: ? - help, Shift-Dir - straight line, f - adder
Aim: an adder (31% to hit)
The splash of poison hits the adder!
The adder is poisoned.
You barely miss the adder.
You kill the adder!
Your Throwing skill increases to level 1!
You have reached level 2! 😎 HP[+7] MP[+1]
You now have 28 max hp (+7).
Your hp is fully restored (28).
Your mp is fully restored (2).
A scorpion comes into view.
You see here 7 gold pieces.
Unknown command.
You have got your breath back.
Aiming: Spit Poison (2% risk of failure)
Press: ? - help, Shift-Dir - straight line, f - scorpion
Aim: a scorpion (59% to hit)
The splash of poison hits the scorpion.
Okay, then.
Okay, then.
It was a potion of brilliance.
You feel clever all of a sudden.
It was a potion of invisibility.
You fade into invisibility!
The scorpion barely misses you.
You hit the scorpion. The scorpion stings you. 😕 HP[-6]
You take 6 damage, and now have 22/28 hp.
MASSIVE DAMAGE!! (PAUSE) Unknown command.
You can't do that yet.
Unknown command.
You hit the scorpion. The scorpion barely misses you.
The scorpion closely misses you.
You closely miss the scorpion.
You have got your breath back.
The scorpion closely misses you. The scorpion barely misses you.
You closely miss the scorpion. You hit the scorpion. The scorpion stings you.
The scorpion barely misses you. 😮 HP[-4]
You take 4 damage, and now have 18/28 hp.
You hit the scorpion. The scorpion stings you!
* * * LOW HITPOINT WARNING * * *
😨 HP[-7]
You take 7 damage, and now have 11/28 hp.
MASSIVE DAMAGE!! (PAUSE)
Aiming: Spit Poison (2% risk of failure)
Press: ? - help, Shift-Dir - straight line, f/p - scorpion
Aim: a scorpion (almost dead, can't see you, 59% to hit)
The splash of poison misses the scorpion.
The scorpion stings you!
* * * LOW HITPOINT WARNING * * *
The scorpion stings you.
You die...

Skill      XL: |  1 |
---------------+----+-----
Throwing       | 1 |  1.5
Fighting       | |  3.0
Maces & Flails | |  2.0
Dodging        | |  1.5
Stealth        | |  7.2

Action                   || total
-------------------------++-------
Melee: Mace              ||     7
 Abil: Spit Poison       ||     3
  Use: Potion            ||     2
Dodge: Dodged            ||     6

Levels and vault maps discovered:
D:5:      layout_basic, temple_doors_e, minmay_manual_moon, uniq_menkaure,
          uniq_prince_ribbit1
Temple:   regret_index_temple_mists

Notes
Turn   | Place    | Note
-------+----------+-------------------------------------------
     0 | D:5      | spaghetti the Naga Delver began the quest for the Orb.
     0 | D:5      | Reached XP level 1. HP: 21/21 MP: 1/1
     0 | D:5      | magus.rc [v1.9.6]
    17 | D:5      | Noticed a phantom
    39 | D:5      | Found a staircase to the Ecumenical Temple.
    44 | Temple   | Entered the Ecumenical Temple
   127 | Temple   | Became a worshipper of Hepliaklqana the Forgotten
   163 | D:5      | Noticed a necrophage
   173 | D:5      | Reached skill level 1 in Throwing
   173 | D:5      | Reached XP level 2. HP: 28/28 MP: 2/2
   175 | D:5      | Noticed a scorpion
   187 | D:5      | HP: 4/28 [scorpion (7)]
   187 | D:5      | Slain by a scorpion

Vanquished Creatures
  An adder (D:5)
1 creature vanquished.

Table legend:
 A = Non-vault XP
 B = Vault XP
 C = Vault XP percentage of total XP
 D = Non-vault monster count
 E = Vault monster count
 F = Vault count percentage of total count
                 A         B        C        D         E       F
            +---------+---------+-------+---------+---------+-------
      Total |      13 |       0 |   0.0 |       1 |       0 |   0.0
            +---------+---------+-------+---------+---------+-------
        D:5 |      13 |       0 |   0.0 |       1 |       0 |   0.0
            +---------+---------+-------+---------+---------+-------

Illustrated notes

Table legend:
 A = Kills in this place as a percentage of kills in entire the game.
 B = Kills by you in this place as a percentage of kills by you in the entire game.
 C = Kills by friends in this place as a percentage of kills by friends in the entire game.
 D = Other kills in this place as a percentage of other kills in the entire game.
 E = Experience gained in this place as a percentage of experience gained in the entire game.
 F = Experience gained in this place divided by the number of levels of this place that you have seen.
                   A       B       C       D       E      F
               +-------+-------+-------+-------+-------+----------------------
         Total | 100.0 | 100.0 |   N/A |   N/A | 100.0 |   6.5
       Dungeon | 100.0 | 100.0 |   N/A |   N/A | 100.0 |  13.0
               +-------+-------+-------+-------+-------+----------------------

Table legend: (Time is in decaauts)
 A = Elapsed time spent in this place.
 B = Non-inter-level travel time spent in this place.
 C = Inter-level travel time spent in this place.
 D = Time resting spent in this place.
 E = Time spent auto-exploring this place.
 F = Levels seen in this place.
 G = Mean time per level.
                   A        B        C        D        E       F      G
               +--------+--------+--------+--------+--------+-----+--------+
         Total |    304 |    277 |     27 |      0 |    199 |   2 |  152.0 |
       Dungeon |    117 |    116 |      1 |      0 |     77 |   1 |  117.0 |
        Temple |    186 |    160 |     26 |      0 |    121 |   1 |  186.0 |
               +--------+--------+--------+--------+--------+-----+--------+

Top non-repeatable levels by time:
  Temple: 186 daAuts
     D:5: 117 daAuts
